AoeStats
← Fantasee

Black Forest

509078192Analyzed
4v4 RM · 7d ago on Sep 25, 2026· 59m 14s· 8 players
Game mode
Random Map
Map size
Large (8 player)
Population
200
Speed
Normal
Resources
Standard
Victory
Conquest
Starting age
Dark Age
Ending age
Imperial Age
RankedLock teamsTeams togetherTeam positionsShared explorationLock speedFull tech treeHidden civsTurbo modeCheats
Victory
Defeat
🇳🇿 Danes · New Zealand
1307
+14
🇳🇿 Danes · New Zealand
1253
+16
🇩🇪 Japanese · Germany
1239
+17
🇳🇿 Khmer · New Zealand
1201
+19
🇨🇳 Magyars · China
1280
-17
🇿🇦 Vietnamese · South Africa
1269
-17
🇺🇸 Saxons · United States
1265
-17
🇨🇳 Saracens · China
1236
-15
AWC
3:15 Loom
12:00 Feudal Age
17:40 Castle Age
17:03 Horse Collar
17:09 Double-Bit Axe
17:50 Stone Mining
25:32 Bow Saw
28:49 Gold Mining
29:35 Wheelbarrow
29:02 Heavy Plow
30:23 Squires
30:24 Scale Mail Armor
30:34 Forging
31:20 Hand Cart
33:41 Imperial Age
31:27 Squires
31:53 Scale Mail Armor
32:04 Forging
32:18 Hand Cart
32:26 Gambesons
32:58 Chain Mail Armor
33:39 Arson
33:46 Shield Wall
34:48 Conscription
35:36 Two-Man Saw
34:04 Capped Ram
35:58 Plate Mail Armor
36:04 Iron Casting
34:57 Siege Ram
36:38 Elite Varangian Guard
39:01 Fletching
39:24 Arrowslits
40:53 Bodkin Arrow
40:58 Padded Archer Armor
41:33 Siege Engineers
41:40 Caravan
41:10 Onager
52:16 Ballistics
55:15 Bracer
55:31 Leather Archer Armor
56:17 Chemistry
55:45 Thumb Ring
55:04 Cranequins
55:05 Heavy Mounted Crossbowman
57:10 Bloodlines
57:00 Husbandry
58:44 Ring Archer Armor
七七2025
2:32 Loom
10:51 Feudal Age
11:53 Double-Bit Axe
15:05 Fletching
16:11 Padded Archer Armor
26:38 Horse Collar
28:23 Wheelbarrow
32:02 Castle Age
36:29 Imperial Age
34:22 Bow Saw
34:15 Heavy Plow
34:55 Bodkin Arrow
35:45 Leather Archer Armor
35:19 Crossbowman
36:06 Thumb Ring
37:20 Gold Mining
37:21 Stone Mining
39:46 Arbalester
42:36 Conscription
42:57 Gold Shaft Mining
43:21 Masonry
45:55 Two-Man Saw
45:49 Bloodlines
45:40 Husbandry
46:18 Scale Barding Armor
46:40 Elite Mameluke
50:41 Chain Barding Armor
50:32 Forging
52:18 Plate Barding Armor
53:18 Iron Casting
53:39 Bracer
54:31 Fortified Wall
55:23 Chemistry
54:45 Ballistics
56:37 Hoardings
Jongboog
0:27 Loom
12:12 Feudal Age
13:02 Double-Bit Axe
13:44 Horse Collar
16:02 Stone Mining
17:14 Wheelbarrow
17:21 Fletching
17:38 Fletching
20:50 Castle Age
22:03 Crossbowman
22:49 Thumb Ring
23:23 Bodkin Arrow
23:29 Padded Archer Armor
26:22 Bow Saw
27:34 Leather Archer Armor
27:55 Heavy Plow
30:26 Hand Cart
29:57 Town Watch
30:27 Gold Mining
38:10 Imperial Age
38:57 Bracer
39:28 Ring Archer Armor
39:30 Paper Money
38:31 Elite Rattan Archer
39:22 Caravan
40:51 Ballistics
41:40 Two-Man Saw
43:48 Chemistry
42:55 Siege Engineers
43:03 Masonry
43:05 Fortified Wall
54:14 Elite Skirmisher
56:14 Imperial Skirmisher
57:08 Forging
57:04 Scale Barding Armor
knife
8:53 Loom
11:09 Feudal Age
14:52 Castle Age
13:01 Double-Bit Axe
13:47 Horse Collar
17:01 Bow Saw
21:00 Wheelbarrow
21:23 Heavy Plow
21:55 Gold Mining
21:56 Stone Mining
24:02 Hand Cart
24:26 Gold Shaft Mining
29:23 Imperial Age
27:30 Scale Barding Armor
29:05 Chain Barding Armor
29:54 Onager
31:15 Plate Barding Armor
30:50 Corvinian Army
31:12 Conscription
30:14 Elite Magyar Huszar
31:00 Husbandry
32:00 Bloodlines
31:27 Cavalier
33:23 Paladin
35:36 Caravan
38:21 Chemistry
37:27 Siege Engineers
37:03 Treadmill Crane
40:15 Masonry
40:26 Ballistics
41:03 Coinage
41:38 Hoardings
41:04 Recurve Bow
42:44 Banking
48:21 Crop Rotation
47:43 Fletching
49:09 Bodkin Arrow
49:14 Padded Archer Armor
51:49 Bracer
52:05 Leather Archer Armor
51:57 Thumb Ring
54:00 Ring Archer Armor
53:57 Parthian Tactics
54:11 Heavy Cavalry Archer
XJakeTheRipper7
11:34 Feudal Age
12:31 Man-at-Arms
18:48 Double-Bit Axe
20:56 Horse Collar
25:33 Castle Age
25:52 Gold Mining
25:53 Stone Mining
26:56 Wheelbarrow
26:38 Bow Saw
26:29 Heavy Plow
26:52 Loom
32:19 Gold Shaft Mining
32:28 Hand Cart
32:04 Town Watch
36:11 Imperial Age
35:52 Scale Barding Armor
35:38 Fletching
35:59 Forging
35:49 Scale Mail Armor
37:02 Squires
36:22 Pikeman
37:30 Parthian Tactics
37:11 Thumb Ring
37:04 Bodkin Arrow
37:34 Chain Barding Armor
37:32 Guard Tower
37:28 Arrowslits
37:14 Elite Skirmisher
39:21 Two-Man Saw
38:24 Husbandry
38:34 Bloodlines
37:58 Light Cavalry
39:23 Halberdier
40:25 Arson
40:53 Caravan
41:22 Bodkin Arrow
41:51 Ballistics
41:45 Fortified Wall
42:14 Chain Mail Armor
42:48 Bracer
42:50 Heavy Cavalry Archer
45:07 Arrowslits
45:58 Keep
45:03 Treadmill Crane
45:36 Masonry
46:30 Coinage
48:34 Padded Archer Armor
48:43 Siege Engineers
48:34 Murder Holes
49:39 Chemistry
51:30 Leather Archer Armor
51:31 Yasama
51:52 Conscription
52:56 Hoardings
52:53 Ring Archer Armor
57:49 Banking
Scalene Triangle
10:57 Feudal Age
15:13 Castle Age
14:53 Double-Bit Axe
14:50 Horse Collar
16:34 Loom
24:10 Wheelbarrow
24:17 Heavy Plow
25:13 Bow Saw
31:06 Imperial Age
29:26 Hand Cart
29:25 Gold Mining
29:23 Pikeman
30:03 Squires
30:06 Scale Mail Armor
30:16 Forging
32:22 Chain Mail Armor
32:42 Iron Casting
31:33 Onager
33:03 Halberdier
34:15 Plate Mail Armor
34:29 Conscription
33:33 Hamask
35:27 Hoardings
35:01 Siege Engineers
35:43 Masonry
37:35 Blast Furnace
35:57 Elite Varangian Guard
36:07 Siege Onager
37:56 Caravan
38:27 Coinage
40:47 Chemistry
40:07 Ballistics
39:31 Heavy Scorpion
41:00 Murder Holes
40:57 Fletching
50:06 Northmen's Fury
57:43 Banking
Fantasee
6:17 Loom
11:02 Feudal Age
15:05 Castle Age
13:16 Double-Bit Axe
13:15 Horse Collar
16:21 Bow Saw
16:13 Heavy Plow
21:31 Wheelbarrow
23:58 Hand Cart
25:11 Gold Mining
28:03 Gold Shaft Mining
27:19 Stone Mining
27:53 Scale Mail Armor
28:03 Forging
31:11 Imperial Age
29:08 Town Watch
30:11 Squires
29:31 Pikeman
30:35 Chain Mail Armor
30:55 Iron Casting
30:46 Arson
31:38 Ballistics
33:21 Chemistry
31:45 Halberdier
31:50 Onager
33:25 Siege Onager
36:41 Plate Mail Armor
37:11 Blast Furnace
36:53 Masonry
37:17 Conscription
37:02 Elite Varangian Guard
39:30 Hamask
39:31 Northmen's Fury
41:03 Siege Engineers
41:12 Caravan
LinKenZ
11:46 Feudal Age
12:26 Double-Bit Axe
17:06 Castle Age
19:14 Bow Saw
25:40 Loom
27:57 Horse Collar
30:56 Imperial Age
29:29 Gold Mining
29:30 Stone Mining
30:53 Tusk Swords
32:15 Scale Barding Armor
32:14 Scale Mail Armor
31:53 Elite Ballista Elephant
33:03 Conscription
34:14 Chain Barding Armor
34:10 Chain Mail Armor
40:49 Pikeman
42:39 Heavy Plow
44:33 Double Crossbow
45:55 Plate Barding Armor
53:50 Gold Shaft Mining
53:51 Stone Shaft Mining
54:31 Crop Rotation
Connection lost

Rejoining the realm…

Still unreachable

The connection could not be restored.

Session expired

The server has moved on; the page needs a fresh start.